 Dungeon Crawl Stone Soup version 0.18.1-2-ga659475 (webtiles) character file.

43 Hipnos the Insei (level 3, -3/23 HPs)
             Began as an Octopode Transmuter on May 8, 2016.
             Slain by Ijyb
             ... wielding a +0 dagger of holy wrath
              (5 damage)
             ... on level 2 of the Dungeon.
             The game lasted 00:05:25 (1431 turns).

Hipnos the Insei (Octopode Transmuter)              Turns: 1431, Time: 00:05:26

Health: -3/23      AC:  1    Str: 10    XL:     3   Next: 58%
Magic:  6/6        EV:  7    Int: 15    God:
Gold:   74         SH:  0    Dex: 12    Spells: 2 memorised, 3 levels left

rFire  . . .     SeeInvis .       - Unarmed
rCold  . . .     Gourm    .     (no shield)
rNeg   . . .     Faith    .     (helmet restricted)
rPois  .         Spirit   .     (no amulet)
rElec  .         Dismiss  .     (no ring)
rCorr  .         Reflect  .     (no ring)
SustAt .         Harm     .     (no ring)
MR     .....                    (no ring)
Stlth  +++.......               (no ring)
                                (no ring)
                                (no ring)
                                (no ring)

@: not resistant to hostile enchantments, fairly stealthy
A: almost no armour, amphibious, 8 rings, constrict 8, camouflage 1, gelatinous
body 1
a: no special abilities


You were on level 2 of the Dungeon.
You were near starving.

You visited 1 branch of the dungeon, and saw 2 of its levels.

You collected 74 gold pieces.

Inventory:

Missiles
 a - 8 arrows
 g - 28 bolts
Scrolls
 e - a scroll of fog {unknown}
 h - a scroll of teleportation {unknown}
 i - 2 scrolls of noise {unknown}
Potions
 d - a potion of agility {unknown}
Books
 b - a book of Changes

   Spells                             Type                      Level
   a - Beastly Appendage              Transmutation                1
   b - Sticks to Snakes               Transmutation                2
   c - Spider Form                    Transmutation/Poison         3
   d - Ice Form                       Ice/Transmutation            4
   e - Blade Hands                    Transmutation                5
Comestibles
 c - a bread ration
 f - 3 meat rations


   Skills:
 + Level 1.3 Fighting
 + Level 2.2 Dodging
 * Level 1.3 Stealth
 + Level 3.5 Unarmed Combat
 + Level 2.0 Spellcasting
 + Level 2.6 Transmutations


You had 3 spell levels left.
You knew the following spells:

 Your Spells              Type           Power        Failure   Level  Hunger
a - Beastly Appendage     Trmt           #.....       10%         1    #......
b - Sticks to Snakes      Trmt           #.......     12%         2    ###....


Dungeon Overview and Level Annotations

Branches:
Dungeon (2/15)

Altars:

Annotations:
D:2 Ijyb


Innate Abilities, Weirdness & Mutations

You cannot wear most types of armour.
You are amphibious.
You can wear up to eight rings at the same time.
You can use your tentacles to constrict eight enemies at once.
Your skin changes colour to match your surroundings (Stealth).
Your rubbery body absorbs attacks (AC +1).


Message History

You tentacle-slap Ijyb. Your grab misses Ijyb.
Ijyb is lightly wounded.
The hobgoblin hits you with a club.
Ijyb hits you with a dagger of holy wrath.
* * * LOW HITPOINT WARNING * * *
Read which item? (? for menu, Esc to quit)
As you read the scroll labeled ZITIENW JEUL, it crumbles to dust.
The creatures around you are filled with an inner flame!
It was a scroll of immolation.
The hobgoblin closely misses you. Ijyb barely misses you.
The hobgoblin throws a stone.
The stone barely misses you. Ijyb screams, "I no like you!"
You see here a stone.
The hobgoblin throws a stone.
The stone closely misses you.
The hobgoblin throws a stone.
The stone hits you.
* * * LOW HITPOINT WARNING * * *
There is a stone staircase leading up, spattered with blood here.
The hobgoblin throws a stone.
The stone hits you but does no damage.
Ijyb hits you with a dagger of holy wrath.
You die...

#... .. #. .#...####.#
####.. ..%....... ##..
...#.# #.......
#.......##...#
#>...g.###...# #... ....#
#......# #.####...
.###.((####### #........
.........g#....###....##..
.........@.(...##.........
.........##....##.....####
.........##..(........# #
.........##..(...######
.........##....#..#
.........##....##.#
....... #######.########
..##### #.........
##########


You could see Ijyb (inner flame) and a hobgoblin (inner flame).

Vanquished Creatures
  An adder (D:2)
  A dart slug (D:2)
  A giant gecko (D:1)
  4 giant cockroaches (D:1)
  A goblin (D:1)
  6 hobgoblins
  7 kobolds
  A bat (D:1)
  2 giant newts
  2 rats (D:1)
26 creatures vanquished.

Vanquished Creatures (collateral kills)
  A dart slug (D:1)
  2 goblins
  A hobgoblin (D:2)
  A bat (D:1)
  A rat (D:1)
6 creatures vanquished.

Grand Total: 32 creatures vanquished

Notes
Turn   | Place    | Note
--------------------------------------------------------------
     0 | D:1      | Hipnos the Octopode Transmuter began the quest for the Orb.
     0 | D:1      | Reached XP level 1. HP: 13/13 MP: 3/3
   204 | D:1      | Reached XP level 2. HP: 18/18 MP: 5/5
   218 | D:1      | Learned a level 2 spell: Sticks to Snakes
   557 | D:1      | Reached skill level 1 in Stealth
   712 | D:1      | Reached XP level 3. HP: 21/23 MP: 6/6
  1420 | D:2      | Noticed Ijyb
  1431 | D:2      | Slain by Ijyb

Skill      XL: |  1  2 |
---------------+-------+-----
Stealth        | 1 |  1.3
Fighting       | |  1.3
Dodging        | |  2.2
Unarmed Combat | |  3.5
Spellcasting   | |  2.0
Transmutations | |  2.6

Action                   || total
-------------------------++-------
Melee: Dagger            ||     7
       Unarmed           ||    58
       Tentacles         ||    10
       Constrict         ||    18
       Punch             ||     3
 Cast: Sticks to Snakes  ||     4
  Use: Scroll            ||     1
 Stab: Sleeping          ||     4
Armor: Skin              ||     9
Dodge: Dodged            ||    42
